 Dungeon Crawl Stone Soup version 0.25-a0-681-gdf4e720381 (webtiles) character file.

Game seed: 11266373454818518357, levelgen mode: deterministic

389 CryoSword the Skirmisher (level 6, -5/68 HPs)
             Began as an Ogre Berserker on Mar 29, 2020.
             Was a Believer of Trog.
             Slain by a river rat (9 damage)
             ... summoned by Eustachio
             ... on level 4 of the Dungeon on Mar 30, 2020.
             The game lasted 00:08:41 (4293 turns).

CryoSword the Skirmisher (Ogre Berserker)           Turns: 4293, Time: 00:08:41

Health: -5/68      AC:  5    Str: 22    XL:     6   Next: 79%
Magic:  6/6        EV: 10    Int:  8    God:    Trog [**....]
Gold:   181        SH:  0    Dex: 10    Spells: 5/5 levels left

rFire    + . .     SeeInvis +   a - +1 mace
rCold    . . .     Gourm    .   (no shield)
rNeg     . . .     Faith    .   t - +2 robe {MR+}
rPois    .         Spirit   .   (helmet restricted)
rElec    .         Reflect  .   (no cloak)
rCorr    .         Harm     .   (gloves unavailable)
MR       +++..                  (boots unavailable)
Stlth    +.........             (no amulet)
HPRegen  1.21/turn              l - ring of protection from fire
MPRegen  0.10/turn              g - ring of see invisible

@: berserk cooldown, regenerating (expiring), slowed, very slow
A: large, unfitting armour, tough skin 1
a: Berserk, Trog's Hand, Renounce Religion


You were on level 4 of the Dungeon.
You worshipped Trog.
Trog was pleased with you.
You were near starving.

You visited 1 branch of the dungeon, and saw 4 of its levels.

You collected 181 gold pieces.

Inventory:

Hand Weapons
 a - a +1 mace (weapon)
Missiles
 b - 5 atropa-tipped darts
 o - 3 poisoned darts (quivered)
Armour
 t - a +2 robe of magic resistance (worn)
   (You took it off Blork the orc on level 4 of the Dungeon)
Jewellery
 f - an uncursed ring of fire
   (You found it on level 2 of the Dungeon)
 g - a ring of see invisible (right hand)
   (You found it on level 1 of the Dungeon)
 j - an uncursed ring of magical power
   (You took it off a hobgoblin on level 1 of the Dungeon)
 l - a ring of protection from fire (left hand)
   (You found it on level 2 of the Dungeon)
 u - an uncursed ring of ice {unknown}
   (You found it on level 4 of the Dungeon)
Scrolls
 i - 2 scrolls of teleportation {unknown}
 k - 2 scrolls of fear
 n - 3 scrolls of amnesia {unknown}
 p - 2 scrolls of identify {@r1}
 q - a scroll of magic mapping {unknown}
 v - a scroll of blinking {unknown}
Potions
 d - a potion of magic {unknown}
 e - a potion of might
 h - a potion of mutation {unknown}
 m - a potion of degeneration {unknown}
 r - a potion of stabbing {unknown}
Comestibles
 c - 4 rations {!d}
 s - 2 chunks of flesh


   Skills:
 + Level 6.4 Fighting
 * Level 5.7 Maces & Flails
 - Level 2.6 Dodging


You had 5 spell levels left.
You didn't know any spells.
Your spell library was empty.

Dungeon Overview and Level Annotations

Branches:
Dungeon (4/15)
 Temple: D:4-7

Altars:
Gozag
Hepliaklqana
Makhleb
Qazlal
Trog
Yredelemnul

Annotations:
D:4 Eustachio


Innate Abilities, Weirdness & Mutations

You are too large for most types of armour.
You have tough skin. (AC +1)


Message History

You resist with almost no effort.
You closely miss Eustachio. Eustachio completely misses you.
The shadow imp hits you.
You hit Eustachio.
Eustachio gestures wildly while chanting.
Eustachio blinks!
The shadow imp hits you. The ooze hits you but does no damage.
You feel a strong urge to attack something.
You are feeling very hungry.
Eustachio casts a spell.
The ooze hits you.
There is a stone staircase leading down here.
Eustachio mumbles some strange words.
Eustachio blinks!
You feel your anger nearly subside.
You are no longer berserk.
You are exhausted.
You feel yourself slow down.
You feel the effects of Trog's Hand fading.
The quokka bites you. The quokka barely misses you.
Eustachio zaps a wand.
You resist with almost no effort.
You barely miss the ooze. The ooze closely misses you.
The quokka bites you but does no damage.
The shadow imp shouts, "Scamper home, thou churlish mumble-news flap-bat!"
The shadow imp barely misses you. The quokka closely misses you.
Eustachio gestures wildly while chanting.
Eustachio blinks!
The ooze hits you.
The shadow imp hits you but does no damage.
The quokka bites you but does no damage.
The quokka barely misses you.
You hit the ooze.
Eustachio mumbles some strange words.
Eustachio blinks!
The quokka bites you. The rat barely misses you. The quokka barely misses you.
The ooze hits you. The shadow imp hits you.
The quokka bites you but does no damage.
The rat closely misses you. The quokka bites you. The ooze hits you.
The shadow imp hits you.
You hit the ooze.
Your skin stops crawling.
You feel less resistant to hostile enchantments.
The quokka bites you. x2; The rat bites you.
The ooze closely misses you. The shadow imp gestures at you.
You resist with some effort.
The quokka bites you but does no damage.
The quokka bites you.
You hit the ooze.
You kill the ooze!
Trog accepts your kill.
The shadow imp disappears in a puff of smoke!
The rat bites you but does no damage. The quokka closely misses you.
The quokka bites you. The rat bites you but does no damage.
The quokka bites you. The quokka barely misses you.
Eustachio mumbles some strange words.
The quokka closely misses you.
The quokka bites you but does no damage.
Eustachio closely misses you. The quokka bites you. x2
* * * LOW HITPOINT WARNING * * *
You barely miss Eustachio. The rat bites you but does no damage.
The quokka barely misses you.
The quokka bites you but does no damage.
Eustachio barely misses you. The rat bites you but does no damage.
The quokka bites you.
* * * LOW HITPOINT WARNING * * *
The quokka bites you but does no damage.
You sock Eustachio!
Eustachio gestures wildly while chanting.
Eustachio blinks!
The rat barely misses you. The quokka misses you.
The quokka bites you but does no damage.
The rat barely misses you. The shadow imp misses you.
The quokka bites you but does no damage. x2
The shadow imp hits you.
* * * LOW HITPOINT WARNING * * *
Eustachio zaps a wand.
You resist with almost no effort.
The quokka bites you but does no damage.
There is a stone staircase leading down here.
Eustachio zaps a wand.
You resist with almost no effort.
The quokka twitches its whiskers.
The shadow imp barely misses you. Eustachio hits you but does no damage.
The rat bites you.
* * * LOW HITPOINT WARNING * * *
Your skin crawls.
You feel resistant to hostile enchantments.
You feel quite a bit more hungry. The shadow imp completely misses you.
Eustachio hits you with a +0 falchion.
* * * LOW HITPOINT WARNING * * *
The rat bites you but does no damage. The shadow imp barely misses you.
Eustachio gestures wildly while chanting.
The shadow imp closely misses you. The rat barely misses you.
Eustachio hits you but does no damage.
You closely miss Eustachio.
The quokka disappears in a puff of smoke!
The shadow imp hits you.
* * * LOW HITPOINT WARNING * * *
The rat closely misses you. The rat bites you.
* * * LOW HITPOINT WARNING * * *
Eustachio hits you but does no damage.
The shadow imp hits you but does no damage.
You hit Eustachio but do no damage. The rat barely misses you. x2
Eustachio hits you but does no damage. The shadow imp barely misses you.
The rat closely misses you. The rat bites you.
* * * LOW HITPOINT WARNING * * *
Eustachio barely misses you.
You sock Eustachio!
The shadow imp grinds its teeth.
The shadow imp hits you.
* * * LOW HITPOINT WARNING * * *
The rat bites you but does no damage. The rat misses you.
Eustachio zaps a wand.
You resist with almost no effort.
The now-empty wand crumbles to dust.
The shadow imp hits you.
* * * LOW HITPOINT WARNING * * *
The rat bites you.
* * * LOW HITPOINT WARNING * * *
You barely miss Eustachio.
You are near starving!
The rat bites you.
* * * LOW HITPOINT WARNING * * *
Eustachio closely misses you. The shadow imp barely misses you.
The rat barely misses you. The rat misses you.
Eustachio gestures wildly while chanting.
You hit Eustachio.
The shadow imp disappears in a puff of smoke!
The rat bites you but does no damage.
The river rat twitches its whiskers.
The rat bites you but does no damage.
The quokka bites you but does no damage.
Eustachio casts a spell.
Eustachio blinks!
The rat bites you but does no damage. x2
You feel the effects of Trog's Hand fading.
The quokka bites you.
* * * LOW HITPOINT WARNING * * *
The rat closely misses you. The river rat bites you.
* * * LOW HITPOINT WARNING * * *
The rat barely misses you. The quokka completely misses you.
You hit the rat but do no damage. The rat bites you but does no damage.
The river rat barely misses you. The quokka bites you.
* * * LOW HITPOINT WARNING * * *
The rat barely misses you. The river rat completely misses you.
The quokka bites you but does no damage.
The rat bites you but does no damage. The rat barely misses you.
You barely miss the rat. The quokka closely misses you.
The rat bites you but does no damage. The river rat bites you.
* * * LOW HITPOINT WARNING * * *
The rat closely misses you. The quokka bites you.
* * * LOW HITPOINT WARNING * * *
The river rat bites you!
You die...

#########
#......(#
#.......#
#.......####
#..........#
#..........#
#..........+
.(.(.....>r###.###
........##r@r....#
........##r###.###
.#......##55...#
#......##@#####
#......##.#
#......##.#
#...... #.#
#.#########
##.........#


You could see Eustachio, a river rat, a shadow imp, a quokka and 2 rats.

Vanquished Creatures
  A phantom (D:3)
  Blork the orc (D:4)
  A howler monkey (D:4)
  An orc priest (D:3)
  Jessica (D:2)
  4 adders
  2 oozes
  3 worms
  2 dart slugs
  4 leopard geckos
  8 orcs (D:3)
  5 giant cockroaches
  6 goblins
  12 hobgoblins
  9 kobolds
  3 quokkas (D:3)
  A ball python (D:3)
  5 bats
  A frilled lizard (D:4)
  A leopard gecko skeleton (D:4)
  5 rats
76 creatures vanquished.

Notes
Turn   | Place    | Note
-------+----------+-------------------------------------------
     0 | D:1      | CryoSword the Ogre Berserker began the quest for the Orb.
     0 | D:1      | Reached XP level 1. HP: 24/24 MP: 1/1
   511 | D:1      | Reached XP level 2. HP: 28/32 MP: 2/2
  1149 | D:2      | Noticed Jessica
  1154 | D:2      | Reached XP level 3. HP: 40/40 MP: 3/3
  1159 | D:2      | Killed Jessica
  1293 | D:2      | Reached XP level 4. HP: 23/49 MP: 4/4
  1978 | D:2      | Reached skill level 5 in Fighting
  1989 | D:2      | Found a burning altar of Makhleb,
  2059 | D:2      | Reached ** piety under Trog
  2604 | D:3      | Found a basalt altar of Yredelemnul,
  2800 | D:3      | Reached XP level 5. HP: 55/57 MP: 5/5
  3339 | D:3      | Found an opulent altar of Gozag,
  3352 | D:3      | Found a stormy altar of Qazlal,
  3376 | D:3      | Found a bloodstained altar of Trog,
  3393 | D:3      | Found a hazy altar of Hepliaklqana,
  3774 | D:4      | Noticed Blork the orc
  3795 | D:4      | Killed Blork the orc
  3795 | D:4      | Reached skill level 6 in Fighting
  3795 | D:4      | Reached skill level 5 in Maces & Flails
  3795 | D:4      | Reached XP level 6. HP: 67/67 MP: 6/6
  3866 | D:4      | Noticed a phantom
  3907 | D:3      | Killed a phantom
  4253 | D:4      | Noticed Eustachio
  4293 | D:4      | Slain by a river rat

Levels and vault maps discovered:
D:1:      noname_arrival_rooms_in_the_neighbourhood, layout_basic,
          minmay_stone_trees_small
D:2:      layout_basic, nicolae_overflow_hidden_temple, uniq_jessica
D:3:      layout_basic, yredelemnul_altar_generic,
          grunt_temple_overflow_cloverleaf
D:4:      layout_basic, uniq_blork_the_orc, uniq_eustachio

Skill      XL: |  1  2  3  4  5 |
---------------+----------------+-----
Maces & Flails | 3 4 5 |  5.7
Fighting       | 5 6 |  6.4
Dodging        | |  2.6

Action                   |  1- 3 |  4- 6 || total
-------------------------+-------+-------++-------
Melee: Mace              |    62 |   190 ||   252
Throw: Dart              |       |    11 ||    11
Invok: Berserk           |     4 |    10 ||    14
       Trog's Hand       |       |     6 ||     6
  Use: Scroll            |       |     5 ||     5
 Stab: Sleeping          |       |     1 ||     1
  Eat: Chunk             |     4 |    20 ||    24
Armor: Animal skin       |    18 |    44 ||    62
       Robe              |       |    46 ||    46
Dodge: Dodged            |    38 |   146 ||   184

Table legend:
 A = Non-vault XP
 B = Vault XP
 C = Vault XP percentage of total XP
 D = Non-vault monster count
 E = Vault monster count
 F = Vault count percentage of total count
                 A         B        C        D         E       F
            +---------+---------+-------+---------+---------+-------
      Total |     420 |     136 |  24.5 |      74 |       2 |   2.6
            +---------+---------+-------+---------+---------+-------
        D:1 |      33 |       0 |   0.0 |      18 |       0 |   0.0
        D:2 |      49 |      37 |  43.0 |      15 |       1 |   6.2
        D:3 |     258 |       0 |   0.0 |      35 |       0 |   0.0
        D:4 |      80 |      99 |  55.3 |       6 |       1 |  14.3
            +---------+---------+-------+---------+---------+-------
